 Dungeon Crawl Stone Soup version 0.29.1-1-gd02db6906a (webtiles) character file.

Game seed: 12207021296074382648

850 tardwrangler69 the Grappler (level 7, -6/54 (62) HPs)
             Began as a Troll Gladiator on Oct 4, 2022.
             Mangled by a wight
             ... wielding a +4 dagger of freezing
              (10 damage)
             ... on level 6 of the Dungeon.
             The game lasted 00:03:42 (3739 turns).

tardwrangler69 the Grappler (Troll Gladiator)       Turns: 3739, Time: 00:03:42

HP:   -6/54 (62)    AC:  4    Str: 25    XL:     7   Next: 69%
MP:   0/6           EV: 10    Int:  4    God:
Gold: 199           SH:  0    Dex: 11    Spells: 6/6 levels left

rFire   . . .      SeeInvis .     - Unarmed
rCold   . . .      Faith    .   (no shield)
rNeg    . . .      Spirit   +   a - +0 robe
rPois   .          Reflect  .   b - +0 hat
rElec   .          Harm     .   (no cloak)
rCorr   .          Rampage  .   (gloves unavailable)
Will    +....                   (boots unavailable)
Stlth   +.........              k - amulet of guardian spirit
HPRegen 0.98/turn               n - ring of willpower
MPRegen 0.10/turn               (no ring)

@: heavily drained
A: large, unfitting armour, claws 3, regeneration 1, shaggy fur 1, tough skin 1
a: no special abilities


You were on level 6 of the Dungeon.
You visited 2 branches of the dungeon, and saw 7 of its levels.
You also visited: Ossuary.

You collected 199 gold pieces.

Inventory:

Missiles
 c - 3 throwing nets (quivered)
 d - a large rock
Armour
 a - a +0 robe (worn)
 b - a +0 hat (worn)
Jewellery
 k - an amulet of guardian spirit (around neck)
 n - a ring of willpower (left claw)
Wands
 l - a wand of polymorph (8)
 o - a wand of flame (30)
Scrolls
 m - 3 scrolls of noise {unknown}
 p - a scroll of amnesia {unknown}
 q - 5 scrolls of identify {unknown}
 s - a scroll of fear {unknown}
 t - 2 scrolls of fog {unknown}
 u - 3 scrolls of magic mapping {unknown}
 v - 6 scrolls of teleportation {unknown}
 x - 2 scrolls of vulnerability {unknown}
 y - a scroll of immolation {unknown}
 B - a scroll of poison {unknown}
 C - 3 scrolls of enchant armour {unknown}
Potions
 e - a potion of curing {unknown}
 f - 2 potions of mutation {unknown}
 g - a potion of degeneration {unknown}
 h - a potion of brilliance {unknown}
 i - 3 potions of haste {unknown}
 j - 2 potions of might {unknown}
 r - a potion of lignification {unknown}
 w - 3 potions of attraction {unknown}
 z - 2 potions of heal wounds {unknown}
 A - a potion of ambrosia {unknown}


   Skills:
 - Level 1.5 Fighting
 - Level 1.7 Throwing
 - Level 2.4 Dodging
 + Level 9.3 Unarmed Combat


You had 6 spell levels left.
You didn't know any spells.
Your spell library contained the following spells:

 Spells                   Type           Power      Damage    Failure   Level
 Necrotise                Necr           0%         1d4       50%         1
 Portal Projectile        Hex/Tloc       0%         N/A       86%         3
 Disjunction              Tloc           0%         N/A       100%        8
 Lehudib's Crystal Spear  Conj/Erth      0%         10d2      100%        8


Dungeon Overview and Level Annotations

Branches:
Dungeon (6/15)             Temple (1/1) D:4         Ossuary (visited)

Altars:
Ashenzari
Cheibriados
Dithmenos
Fedhas
Gozag
Kikubaaqudgha
Makhleb
Nemelex Xobeh
Sif Muna
Trog
Vehumet
Yredelemnul
The Shining One


Innate Abilities, Weirdness & Mutations

You are too large for most types of armour.
You have claws for hands.
Your natural rate of healing is unusually fast.
You are covered in fur. (AC +1)
You have tough skin. (AC +1)


Message History

You scratch the orc.
The orc is almost dead.
The orc hits you with a +0 club.
You claw the orc!
You kill the orc!
You barely miss the wight. The wight hits you with a +0 war axe!
You feel drained.
You claw the wight! You claw the wight.
The wight is almost destroyed.
A wight comes into view. It is wielding a +4 dagger of freezing.
The wight hits you with a +0 war axe.
You feel drained.
You claw the wight!
You destroy the wight!
The wight hits you with a +0 great sword.
You feel drained.
You claw the wight!
The wight is heavily damaged.
The wight hits you with a +0 great sword!
You feel drained. The iguana bites you!
* * * LOW HITPOINT WARNING * * *
You barely miss the wight.
Things that are here:
a +0 short sword; an orc corpse The wight attacks as you move away!
The wight hits you with a +4 dagger of freezing.
You feel drained.
* * * LOW HITPOINT WARNING * * *
The wight freezes you.
* * * LOW HITPOINT WARNING * * *
The wight attacks as you move away!
The wight hits you with a +4 dagger of freezing!
* * * LOW HITPOINT WARNING * * *
You feel drained.
* * * LOW HITPOINT WARNING * * *
The wight freezes you.
* * * LOW HITPOINT WARNING * * *
You barely miss the wight.
The wight hits you with a +4 dagger of freezing!
You die...

. ## ##. #. ...## #.##
##### #...####..#
####.....
#....###.###.?..#
#............##
#......#.....####
###)..@zlz..#.z...#####
###....#####..##.#..)....
#....### ##............
#.##.# ####.#.......
#.#).# #......... #...##
##........ #..######
#........ ##.......#
#!....... #...####..#
######...


You could see an iguana and 2 wights.

Vanquished Creatures
  An ice beast (D:5)
  A black bear (D:4)
  A phantom (D:5)
  2 scorpions
  2 necrophages
  A wight (D:6)
  An orc priest (D:5)
  A hound (D:5)
  An iguana (D:5)
  An orc wizard (D:5)
  Terence (D:3)
  A mummy (Ossuary)
  4 adders
  2 shadow imps (D:5)
  A white imp (D:5)
  13 orcs
  2 spectral bats (Ossuary)
  6 ball pythons
  4 bats
  2 giant cockroaches (D:3)
  5 goblins
  3 quokkas
  7 bat simulacra (Ossuary)
  3 frilled lizards
  12 gnoll zombies (Ossuary)
  6 goblin simulacra (Ossuary)
  4 goblin zombies (Ossuary)
  A hobgoblin zombie (Ossuary)
  4 kobolds
  6 kobold zombies (Ossuary)
  7 orc zombies (Ossuary)
  5 rats
  3 rat simulacra (Ossuary)
  2 spectral goblins (Ossuary)
  6 spectral kobolds (Ossuary)
  2 spectral rats (Ossuary)
124 creatures vanquished.

Vanquished Creatures (others)
  28 plants (D:3)
28 creatures vanquished.

Grand Total: 152 creatures vanquished

Notes
Turn   | Place    | Note
-------+----------+-------------------------------------------
     0 | D:1      | tardwrangler69 the Troll Gladiator began the quest for the
                  | Orb.
     0 | D:1      | Reached XP level 1. HP: 19/19 MP: 0/0
   531 | D:1      | Reached XP level 2. HP: 25/27 MP: 1/1
  1151 | D:2      | Found a faded altar of an unknown god.
  1230 | D:2      | Reached skill level 4 in Unarmed Combat
  1503 | D:3      | Noticed Terence
  1515 | D:3      | Killed Terence
  1516 | D:3      | Reached XP level 3. HP: 15/33 MP: 2/2
  1831 | D:3      | Reached XP level 4. HP: 41/41 MP: 3/3
  1997 | D:4      | Reached skill level 5 in Unarmed Combat
  2007 | D:4      | Noticed a black bear
  2017 | D:4      | Killed a black bear
  2018 | D:4      | Reached skill level 6 in Unarmed Combat
  2018 | D:4      | Reached XP level 5. HP: 38/48 MP: 2/4
  2051 | D:4      | Found a staircase to the Ecumenical Temple.
  2076 | Temple   | Entered the Ecumenical Temple
  2477 | D:4      | Found a shimmering blue altar of Sif Muna.
  2477 | D:4      | Found an ancient bone altar of Kikubaaqudgha.
  2479 | D:4      | Found a radiant altar of Vehumet.
  2482 | D:4      | Got Kikubaaqudgha's Anthology of Despicable Mysteries
  2686 | D:5      | Entered Level 5 of the Dungeon
  2747 | D:5      | Reached XP level 6. HP: 47/55 MP: 5/5
  2748 | D:5      | Found a sand-covered staircase.
  2751 | D:5      | Got the Teachings on Rocky Wanderlust
  2758 | Ossuary  | Entered an ossuary
  2867 | Ossuary  | Reached skill level 7 in Unarmed Combat
  3340 | D:5      | Reached skill level 8 in Unarmed Combat
  3340 | D:5      | Reached XP level 7. HP: 36/58 MP: 1/6
  3668 | D:6      | Reached skill level 9 in Unarmed Combat
  3739 | D:6      | Mangled by a wight

Illustrated notes

Levels and vault maps discovered:
D:1:      amcnicky_arrival_wind_blow, layout_basic,
          nicolae_kite_square_tiling_tiny
D:2:      layout_loops_corners, hellmonk_ecumenical_altar_pennies_from_heaven,
          minmay_misc_feat_tiny, amcnicky_mini_pool_small, dk_noncrumbling_3
D:3:      layout_rooms, serial_bayou_lagoon_a, uniq_terence
D:4:      layout_basic, grunt_temple_overflow_magic_moments,
          minmay_temple_entry_statues_pillars
D:5:      layout_basic, nicolae_ossuary_entry_ruins
D:6:      layout_rooms
Temple:   eino_wide_crystal_templ

Skill      XL: |  1  2  3  4  5  6  7 |
---------------+----------------------+-----
Unarmed Combat | 4 6 8 9 |  9.3
Fighting       | |  1.5
Throwing       | |  1.7
Dodging        | |  2.4

Action                   |  1- 3 |  4- 6 |  7- 9 || total
-------------------------+-------+-------+-------++-------
Melee: Unarmed           |    77 |   189 |    35 ||   301
       Punch             |     1 |     7 |     2 ||    10
  Use: Scroll            |       |     1 |       ||     1
 Stab: Distracted        |       |     1 |       ||     1
       Sleeping          |       |     4 |     1 ||     5
Armor: Robe              |    30 |    58 |     7 ||    95
Dodge: Dodged            |    42 |    86 |     4 ||   132
